Map: Cyber Forest LE

Players

TiPtOP

  • Race: Terran Terran
  • League: Silver
  • Spawn Location: 11:00

Zeiis - Winner!

  • Race: Zerg Zerg
  • League: Platinum
  • Spawn Location: 5:00

VOD

Have the link to the VOD?

Description

Time

  • Played on: Aug. 20, 2019, 12:31 a.m.
  • Length: 17:50
Show
View Real Time Build Order
Export as new Build Order

TiPtOP Terran 

Build Orders: Mech 

Get SALT Encoding   

  12  0:01  SCV  
  13  0:13  SCV  
  14  0:18  Supply Depot  
  14  0:25  SCV  
  15  0:40  SCV  
  16  0:43  Barracks  
  16  0:50  Refinery  
  16  0:52  SCV  
  17  1:04  SCV  
  18  1:16  SCV  
  19  1:28  SCV  
  19  1:31  Supply Depot  
  20  1:42  Orbital Command  
  20  1:43  Marine  
  21  1:55  Factory  
  21  2:09  SCV  
  21  2:13  Command Center  
  22  2:25  Bunker  
  22  2:32  Barracks Tech Lab  
  21  3:00  Supply Depot  
  21  3:03  SCV  
  21  3:04  Siege Tank  
  25  3:09  Refinery  
  25  3:16  SCV  
  26  3:28  SCV, Orbital Command  
  27  3:40  Siege Tank  
  30  3:49  SCV  
  31  3:58  SCV  
  31  3:59  Engineering Bay  
  31  4:01  SCV  
  33  4:10  SCV  
  33  4:12  Siege Tank  
  33  4:14  SCV  
  38  4:22  SCV  
  39  4:26  SCV  
  40  4:34  SCV  
  41  4:38  SCV  
  41  4:40  Supply Depot  
  42  4:46  SCV, Supply Depot  
  42  4:50  SCV  
  42  4:51  Missile Turret  
  44  4:59  Command Center, SCV  
  45  5:02  Siege Tank, SCV  
  49  5:11  SCV  
  50  5:14  SCV  
  50  5:17  Factory  
  50  5:18  Factory  
  51  5:23  SCV  
  51  5:26  Missile Turret  
  51  5:27  SCV  
  53  5:33  Refinery  
  53  5:35  Siege Tank, SCV  
  57  5:39  SCV, Refinery  
  58  5:47  SCV  
  58  5:48  Supply Depot  
  59  5:51  SCV  
  60  5:59  SCV  
  60  6:03  SCV  
  62  6:04  Factory Reactor  
  62  6:11  SCV, Supply Depot  
  62  6:16  Missile Turret  
  63  6:19  Missile Turret  
  63  6:23  Factory Tech Lab, Missile Turret  
  63  6:35  Armory  
  63  6:37  Armory  
  63  6:42  SCV  
  63  6:43  SCV  
  65  6:55  SCV x2  
  65  7:00  Command Center  
  67  7:04  Hellion x4  
  67  7:07  SCV  
  67  7:08  SCV  
  77  7:26  Refinery  
  77  7:35  Thor x2  
  77  7:36  Hellbat x2  
  93  7:42  Orbital Command  
  93  7:58  Hellbat x2  
  95  8:16  Refinery  
  95  8:18  Thor  
  101  8:20  Hellbat  
  101  8:41  Supply Depot  
  101  8:43  Infernal Pre-Igniter  
  101  8:44  Supply Depot x2  
  101  8:45  Supply Depot  
  101  9:03  Hellbat x3  
  101  9:05  Thor  
  101  9:09  SCV x2  
  115  9:20  Supply Depot  
  115  9:21  SCV x2  
  115  9:22  Supply Depot x2  
  117  9:24  Supply Depot, Thor  
  117  9:25  Supply Depot, Hellbat x2  
  127  9:33  SCV  
  127  9:34  SCV  
  127  9:36  Missile Turret  
  129  9:39  Missile Turret  
  129  9:45  SCV  
  129  9:46  SCV  
  131  9:55  Command Center  
  131  10:00  Factory  
  131  10:01  Factory  
  131  10:02  Factory, Smart Servos  
  131  10:04  Factory, Hellbat x3  
  131  10:05  Factory  
  137  10:07  Factory, Thor, Terran Vehicle Weapons Level 1  
  137  10:11  Terran Vehicle And Ship Armor Level 1  
  143  10:31  Refinery  
  143  10:32  Refinery  
  143  10:35  Command Center  
  143  10:38  Missile Turret  
  143  10:42  Sensor Tower  
  143  10:45  Missile Turret  
  139  10:53  Hellbat x4  
  144  11:01  SCV x2  
  146  11:13  SCV x2  
  146  11:14  Hellbat  
  148  11:25  SCV  
  149  11:39  Hellbat x3, Thor  
  157  12:00  Thor, Hellbat  
  111  12:09  Hellbat  
  95  12:21  Hellbat  
  95  12:22  Hellbat  
  99  12:31  Hellbat  
  101  12:43  Hellbat x3  
  107  12:49  Command Center  
  107  12:52  Hellbat  
  107  12:56  Sensor Tower  
  109  13:19  Refinery  
  109  13:24  Refinery  
  109  13:32  Thor, Hellbat x3  
  121  13:53  Thor, Hellbat  
  121  13:54  Hellbat  
  130  14:15  Siege Tank  
  137  14:24  Hellbat x2  
  137  14:36  Hellbat  
  133  14:47  Thor  
  126  15:08  Thor  
  116  15:30  Thor  
  116  15:35  Missile Turret  
  116  15:51  Thor  
  116  15:56  Missile Turret  
  80  16:14  Hellbat  
  80  16:15  Hellbat x2  
  84  16:27  Command Center  
  84  16:34  Hellbat  
  83  16:57  Missile Turret  
Show
View Real Time Build Order
Export as new Build Order

Zeiis Zerg - Winner!

Build Orders: Hatch First 

Get SALT Encoding   

  12  0:01  Drone  
  13  0:12  Overlord  
  13  0:17  Drone  
  14  0:30  Drone x2  
  16  0:49  Hatchery  
  15  0:51  Drone  
  15  0:55  Drone  
  17  0:59  Drone  
  18  1:06  Extractor  
  17  1:14  Spawning Pool  
  17  1:17  Drone  
  17  1:20  Drone  
  18  1:28  Drone  
  19  1:38  Drone  
  20  1:50  Drone  
  21  2:00  Overlord  
  21  2:01  Queen x2  
  21  2:02  Zergling x2  
  26  2:13  Metabolic Boost  
  26  2:16  Drone x2  
  28  2:23  Drone x2  
  30  2:36  Queen  
  30  2:37  Queen  
  30  2:42  Overlord  
  34  2:44  Drone x2  
  36  2:59  Hatchery  
  36  3:03  Drone x2  
  37  3:12  Queen  
  37  3:16  Queen  
  41  3:20  Overlord  
  41  3:21  Drone  
  41  3:24  Drone  
  41  3:26  Drone  
  44  3:34  Overlord  
  44  3:40  Drone x3  
  47  3:45  Drone x3  
  47  3:46  Drone x2  
  52  3:52  Lair  
  52  3:55  Overlord  
  52  3:57  Drone  
  52  4:02  Evolution Chamber  
  52  4:03  Drone x2  
  52  4:04  Extractor  
  52  4:06  Drone  
  54  4:12  Queen  
  54  4:15  Drone x3  
  59  4:23  Evolution Chamber  
  58  4:25  Extractor  
  58  4:26  Drone x2  
  58  4:27  Zerg Melee Weapons Level 1  
  59  4:33  Drone, Evolution Chamber  
  59  4:34  Zergling x2, Drone  
  59  4:35  Zergling x2  
  62  4:43  Drone x2  
  62  4:44  Overlord  
  62  4:45  Pneumatized Carapace, Drone  
  65  4:50  Drone x2  
  65  4:51  Extractor  
  66  4:57  Zergling x8  
  66  4:58  Drone  
  71  5:06  Drone x5  
  76  5:10  Zerg Ground Armor Level 1  
  76  5:16  Baneling Nest, Drone x2  
  76  5:17  Drone  
  78  5:24  Overlord  
  78  5:25  Overlord  
  78  5:26  Drone x3  
  81  5:29  Drone  
  82  5:40  Overlord x2  
  82  5:51  Zergling x4  
  82  5:52  Zergling x2  
  82  5:54  Drone x2  
  82  5:55  Zerg Missile Weapons Level 1  
  82  5:56  Hydralisk Den  
  86  5:59  Drone x8  
  86  6:01  Extractor  
  86  6:02  Extractor  
  92  6:07  Overlord  
  92  6:11  Zergling x4  
  92  6:12  Zergling x6, Hatchery  
  92  6:13  Baneling x3  
  92  6:14  Centrifical Hooks  
  96  6:23  Drone x3  
  99  6:25  Zerg Melee Weapons Level 2  
  99  6:27  Grooved Spines  
  99  6:29  Zergling x4  
  101  6:47  Overlord x3  
  101  6:48  Hydralisk x6  
  101  6:52  Overlord  
  101  6:53  Hydralisk  
  115  7:05  Hydralisk x3  
  115  7:06  Hydralisk  
  115  7:08  Overseer  
  123  7:09  Overseer  
  123  7:22  Drone x13  
  136  7:27  Zerg Ground Armor Level 2  
  136  7:29  Hatchery  
  135  7:38  Muscular Augments  
  135  7:46  Hydralisk x2  
  135  7:47  Hydralisk x5  
  135  7:49  Overlord x2  
  149  7:56  Hatchery  
  149  7:57  Extractor  
  149  7:58  Extractor  
  146  7:59  Drone x6  
  150  8:11  Zergling x4  
  150  8:12  Zergling x4  
  148  8:14  Hydralisk  
  148  8:15  Hydralisk x3  
  148  8:16  Overlord x2  
  156  8:27  Infestation Pit, Spire  
  154  8:35  Overlord  
  154  8:36  Hydralisk, Zerg Missile Weapons Level 2  
  154  8:37  Hydralisk x3, Zergling x2  
  154  8:38  Hydralisk, Zergling x8  
  169  8:41  Overlord  
  169  9:07  Hydralisk x2  
  169  9:08  Hydralisk x4  
  169  9:09  Zergling x4  
  183  9:10  Hive  
  183  9:22  Burrow  
  183  9:27  Pathogen Glands  
  183  9:28  Roach Warren  
  183  9:29  Drone  
  183  9:30  Drone x3  
  186  9:35  Overlord  
  186  9:40  Extractor  
  186  9:41  Hatchery  
  186  9:44  Extractor  
  183  9:46  Baneling x5  
  183  9:47  Baneling  
  183  9:52  Zerg Flyer Weapons Level 1  
  183  9:54  Drone x2  
  183  9:55  Spire  
  183  9:57  Spore Crawler  
  183  10:04  Drone x2  
  185  10:07  Drone x8  
  193  10:15  Drone x3  
  193  10:16  Drone x2  
  198  10:23  Neural Parasite  
  198  10:24  Evolution Chamber x2  
  198  10:26  Zerg Ground Armor Level 3, Zerg Melee Weapons Level 3  
  198  10:27  Evolution Chamber x4  
  192  10:30  Evolution Chamber, Glial Reconstitution  
  192  10:34  Viper x3  
  189  10:56  Adrenal Glands  
  186  10:57  Zerg Missile Weapons Level 3  
  186  11:01  Hydralisk x5  
  186  11:03  Zergling x6  
  199  11:12  Overseer x2  
  199  11:13  Overseer x2  
  199  11:31  Zergling x2  
  199  11:41  Baneling  
  199  11:42  Baneling x5  
  166  12:14  Zerg Flyer Weapons Level 2  
  158  12:18  Greater Spire  
  158  12:19  Tunneling Claws  
  158  12:30  Hatchery  
  158  12:36  Hydralisk x13, Hatchery  
  158  12:37  Zergling x2, Extractor  
  167  12:38  Zergling x18, Extractor  
  189  12:48  Viper x2  
  189  12:49  Viper  
  198  13:54  Zergling x14  
  198  13:55  Zergling x4  
  199  14:19  Baneling x7  
  199  14:20  Baneling x11  
  199  14:22  Baneling x3  
  199  14:23  Baneling x2  
  193  15:26  Viper  
  193  15:27  Viper  
  198  15:51  Zerg Flyer Armor Level 1  
  198  15:59  Hydralisk  
  181  16:12  Hydralisk x2  
  181  16:13  Viper x2  
  181  16:14  Zergling x10  
  181  16:15  Zergling x6  
  198  16:55  Baneling x7  
  198  16:56  Baneling x9  
Tags
 
Composition
Mech
Matchup
TvZ
Spawn Locations
Cross Positions
Add a new tag
Caveats
  • Supply blocks, unpowered buildings, or Contaminate may cause inaccurate times.
  • Supply counts are checked every 10 seconds.